 Dungeon Crawl Stone Soup version 0.31-a0-217-g58bb5d79cf (webtiles) character file.

Game seed: 15060900740249032589

120 rabbitsville the Trooper (level 5, -1/48 HPs)
             Began as a Hill Orc Fighter on July 2, 2023.
             Was an Initiate of Fedhas.
             Slain by Ijyb
             ... wielding a +0 club
              (4 damage)
             ... on level 3 of the Dungeon.
             The game lasted 00:05:42 (2389 turns).

rabbitsville the Trooper (Hill Orc Fighter)         Turns: 2389, Time: 00:05:43

Health: -1/48      AC:  9    Str: 21    XL:     5   Next: 4%
Magic:  5/5        EV:  7    Int:  8    God:    Fedhas [......]
Gold:   64         SH:  4    Dex: 10    Spells: 4/4 levels left

rFire   . . .        a - +0 flail
rCold   . . .        c - +0 buckler
rNeg    . . .        m - +0 chain mail
rPois   .            (no helmet)
rElec   .            (no cloak)
rCorr   .            (no gloves)
SInv    .            (no boots)
Will    .....        (no amulet) Stlth
                     h - ring of wizardry
HPRegen 0.28/turn    (no ring)
MPRegen 0.09/turn

%: wizardry (x1)
@: no status effects
A: no striking features
a: Renounce Religion


You were on level 3 of the Dungeon.
You worshipped Fedhas.
Fedhas was noncommittal.
You visited 1 branch of the dungeon, and saw 3 of its levels.

You collected 64 gold pieces.

Inventory:

Hand Weapons
 a - a +0 flail (weapon)
Armour
 b - a +0 scale mail
 c - a +0 buckler (worn)
 m - a +0 chain mail (worn)
Jewellery
 h - a ring of wizardry (left hand)
 l - a +4 ring of protection
Wands
 g - a wand of roots (11) (quivered)
 p - a wand of charming (2)
Scrolls
 i - a scroll of revelation {unknown}
 j - a scroll of fog {unknown}
 k - a scroll of immolation {unknown}
 n - a scroll of identify {unknown}
 q - a scroll of teleportation {unknown}
Potions
 d - 2 potions of might
 f - a potion of curing {unknown}
 o - a potion of ambrosia {unknown}


   Skills:
 * Level 5.1 Fighting
 * Level 3.7 Maces & Flails
 - Level 3.2 Armour
 - Level 3.7 Shields
 + Level 1.1 Invocations


You had 4 spell levels left.
You didn't know any spells.
Your spell library was empty.

Dungeon Overview and Level Annotations

Branches:
Dungeon (3/15)

Altars:
Fedhas

Annotations:
D:3 Ijyb


Message History

Ijyb hits you with a +0 club.
You barely miss Ijyb. Ijyb hits you but does no damage.
You hit Ijyb.
Ijyb is lightly wounded.
Ijyb hits you but does no damage.
You hit Ijyb but do no damage.
Ijyb is lightly wounded.
Ijyb zaps a wand.
The bolt of light hits you!
Ijyb zaps a wand.
The bolt of light hits you!
You barely miss Ijyb.
Ijyb is lightly wounded.
Ijyb zaps a wand.
The bolt of light hits you!
You hit Ijyb.
Ijyb is moderately wounded.
Ijyb hits you but does no damage.
You barely miss Ijyb.
Ijyb is moderately wounded.
You block Ijyb's attack.
You hit Ijyb.
Ijyb is moderately wounded.
Ijyb hits you with a +0 club. You block Ijyb's attack.
You closely miss Ijyb.
Ijyb is moderately wounded.
You block Ijyb's attack.
You closely miss Ijyb.
Ijyb is moderately wounded.
Ijyb hits you but does no damage.
You hit Ijyb but do no damage.
Ijyb is moderately wounded.
Ijyb hits you with a +0 club.
You sock Ijyb!
Ijyb is severely wounded.
Ijyb barely misses you.
Ijyb zaps a wand.
The bolt of light hits you!
* * * LOW HITPOINT WARNING * * *
The now-empty wand crumbles to dust.
It was a potion of magic.
Magic courses through your body.
Ijyb screams, "Get away!"
Ijyb hits you with a +0 club.
You die...
Fedhas appreciates your contribution to the ecosystem.

##.....## #.......#
###### #.......#
.....###.......###
#####.............####
.[.......#####.##....#
.##.........#.#####..
#.##....####.....###..
#(...@### ###....)...
....)..g# ##..###..
####..#.# #....#.#
#(.#.. #....... ...
.#. ##...... #... . .#
#...... ...# . ..
#..<... .#. #. ..
........ .##..###.


You could see Ijyb.

Vanquished Creatures
  An orc priest (D:3)
  2 adders
  A worm (D:2)
  A dart slug (D:2)
  6 orcs
  6 bats
  5 endoplasms (D:1)
  A giant cockroach (D:1)
  7 goblins
  4 hobgoblins
  6 jackals
  A quokka (D:3)
  9 ball pythons
  2 frilled lizards (D:2)
  3 kobolds
  4 rats
59 creatures vanquished.

Notes
Turn   | Place    | Note
-------+----------+-------------------------------------------
     0 | D:1      | rabbitsville the Hill Orc Fighter began the quest for the
                  | Orb.
     0 | D:1      | Reached XP level 1. HP: 19/19 MP: 1/1
    57 | D:1      | Reached XP level 2. HP: 27/27 MP: 2/2
   145 | D:1      | Reached skill level 4 in Fighting
   353 | D:1      | Found a faded altar of an unknown god.
   407 | D:1      | Reached XP level 3. HP: 31/33 MP: 3/3
   587 | D:1      | You fall into a shaft and drop 1 floor!
  1477 | D:2      | Reached XP level 4. HP: 30/41 MP: 4/4
  1542 | D:2      | Found a blossoming altar of Fedhas.
  1563 | D:2      | Became a worshipper of Fedhas Madash
  2201 | D:3      | Reached skill level 5 in Fighting
  2201 | D:3      | Reached skill level 1 in Invocations
  2201 | D:3      | Reached XP level 5. HP: 5/48 MP: 5/5
  2372 | D:3      | Noticed Ijyb
  2389 | D:3      | Slain by Ijyb

Illustrated notes

Levels and vault maps discovered:
D:1:      wheals_arrival_shading, layout_loops_ring,
          hellmonk_ecumenical_altar_run_dry
D:2:      layout_loops_corners, basic_altar
D:3:      layout_rooms, elyvilon_altar_5, uniq_ijyb

Skill      XL: |  1  2  3  4 |
---------------+-------------+-----
Fighting       | 4 5 |  5.1
Maces & Flails | 3 |  3.7
Invocations    | 1 |  1.1
Armour         | |  3.2
Shields        | |  3.7

Action                     |  1- 3 |  4- 6 || total
---------------------------+-------+-------++-------
  Melee: Flail             |   141 |   102 ||   243
    Use: Potion            |       |     1 ||     1
 Armour: Scale mail        |    64 |    40 ||   104
         Chain mail        |       |    28 ||    28
  Dodge: Dodged            |    64 |    52 ||   116
  Block: Buckler           |    34 |    28 ||    62

Table legend: (Time is in decaauts)
 A = Elapsed time spent in this place.
 B = Non-inter-level travel time spent in this place.
 C = Inter-level travel time spent in this place.
 D = Time resting spent in this place.
 E = Time spent auto-exploring this place.
 F = Levels seen in this place.
 G = Mean time per level.
                   A        B        C        D        E       F      G
               +--------+--------+--------+--------+--------+-----+--------+
         Total |   2456 |   2303 |    153 |     50 |   1597 |   3 |  818.7 |
       Dungeon |   2456 |   2303 |    153 |     50 |   1597 |   3 |  818.7 |
               +--------+--------+--------+--------+--------+-----+--------+

Top non-repeatable levels by time:
     D:2: 1085 daAuts
     D:1: 1019 daAuts
     D:3: 351 daAuts
